 Dungeon Sprint DCSS version 0.28-a0-1447-ga5a8893891 (webtiles) character file.

Game seed: 6090958411597596300

4697072 mhtbhm the Conqueror (level 20, 87/194 HPs)
             Began as a Minotaur Fighter on Jan 12, 2022.
             Was an Initiate of Gozag.
             Escaped with the Orb
             ... and 3 runes!
             The game lasted 00:57:34 (13758 turns).

mhtbhm the Conqueror (Minotaur Fighter)            Turns: 13758, Time: 00:57:35

Health: 87/194     AC: 52    Str: 40    XL:     20   Next: 88%
Magic:  8/8        EV: 20    Int:  4    God:    Gozag
Gold:   44501      SH: 24    Dex: 14    Spells: 29/29 levels left

rFire   + + +      SeeInvis .   a - +7 war axe "Ifiybazigo" {antimagic, rElec rF+ Str+2 Dex+2}
rCold   + + .      Faith    .   y - +1 kite shield {rN+}
rNeg    + + .      Spirit   .   b - +6 gold dragon scales
rPois   +          Reflect  +   U - +4 hat
rElec   +          Harm     .   s - +3 cloak of Coycluadu {rPois Regen+ Str+3}
rCorr   +          Rampage  .   z - +2 pair of gloves {hurl}
Will    +....      NoTele   +   C - +4 pair of boots
Stlth   +.........              K - amulet "Alaask" {Reflect Str+3 SH+5}
HPRegen 1.22/turn               q - ring "Ogecw" {rF+ rN+ rCorr Int-3}
MPRegen 0.11/turn               O - ring of Tupeh {rC+ Str+4 Slay+5}

@: gold aura, hasted, very quick
A: horns 2, retaliatory headbutt, talons 1, clever 1, frail 1, low mp 1
0: Orb of Zot
}: 3/3 runes: silver, golden, iron
a: Renounce Religion, Potion Petition, Call Merchant, Bribe Branch


You escaped.
You worshipped Gozag.
Gozag was extremely pleased with you.
You visited 1 branch You collected 68079 gold pieces.
You spent 2754 gold pieces at shops.
You paid 20824 gold pieces to Gozag.

Inventory:

Hand Weapons
 a - the +7 war axe "Ifiybazigo" (weapon) {antimagic, rElec rF+ Str+2 Dex+2}
   (You found it in the Dungeon)

   It reduces the magical energy of the wielder, and disrupts the spells and
   magical abilities of those it strikes.
   Natural abilities and divine invocations are not affected.
   Str:       It affects your strength (+2).
   Dex:       It affects your dexterity (+2).
   rF:        It protects you from fire.
   rElec:     It insulates you from electricity.
 w - a +11 broad axe of freezing
 H - the +6 hand axe of the Shining Light {freeze, *Slow rN+++ Will+ Str+3}
   (You took it off a spriggan in the Dungeon)

   It freezes those it strikes, dealing additional cold damage.
   It can also slow down cold-blooded creatures.
   Str:       It affects your strength (+3).
   rN:        It renders you almost immune to negative energy.
   *Slow:     It may slow you when you take damage.
   Will:      It increases your willpower.
 I - the +7 hand axe "Tudak" {vorpal, rC+ Will+}
   (You bought it in a shop in the Dungeon)

   It inflicts extra damage upon your enemies.
   rC:        It protects you from cold.
   Will:      It increases your willpower.
 N - a +4 eudemon blade of holy wrath
Missiles
 o - 2 javelins
 u - 4 curare-tipped darts
 L - a throwing net
Armour
 b - +6 gold dragon scales (worn)
 c - a +2 tower shield of fire resistance
 s - the +3 cloak of Coycluadu (worn) {rPois Regen+ Str+3}
   (You bought it in a shop in the Dungeon)

   Str:       It affects your strength (+3).
   rPois:     It protects you from poison.
   Regen:     It increases your rate of health regeneration.
 y - a +1 kite shield of positive energy (worn)
 z - a +2 pair of gloves of hurling (worn)
 C - a +4 pair of boots (worn)
 U - a +4 hat (worn)
Jewellery
 q - the ring "Ogecw" (left hand) {rF+ rN+ rCorr Int-3}
   (You found it in the Dungeon)

   [ring of protection from fire]

   Int:       It affects your intelligence (-3).
   rF:        It protects you from fire.
   rN:        It protects you from negative energy.
   rCorr:     It protects you from acid and corrosion.
 G - the ring "Hunoodgh" {Contam rF+++ MP+9 Dex-4 SInv}
   (You took it off a wizard in the Dungeon)

   [ring of magical power]

   Dex:       It affects your dexterity (-4).
   rF:        It renders you almost immune to fire.
   MP:        It affects your magic capacity (+9).
   SInv:      It lets you see invisible.
   Contam:    It causes magical contamination when unequipped.
 K - the amulet "Alaask" (around neck) {Reflect Str+3 SH+5}
   (You found it in the Dungeon)

   [amulet of reflection]

   It reflects blocked missile attacks.
   Str:       It affects your strength (+3).
   SH:        It affects your SH (+5).
 O - the ring of Tupeh (right hand) {rC+ Str+4 Slay+5}
   (You found it in the Dungeon)

   [ring of slaying]

   Str:       It affects your strength (+4).
   Slay:      It affects your accuracy & damage with ranged weapons and melee
   (+5).
   rC:        It protects you from cold.
 P - the ring "Haluj" {Int+6 Slay+3}
   (You found it in the Dungeon)

   [ring of intelligence]

   Int:       It affects your intelligence (+6).
   Slay:      It affects your accuracy & damage with ranged weapons and melee
   (+3).
 S - the amulet "Owisihij" {rC+ Regen+ Int+3}
   (You took it off a fire giant in the Dungeon)

   [amulet of regeneration]

   Int:       It affects your intelligence (+3).
   rC:        It protects you from cold.
   Regen:     It increases your rate of health regeneration.
 T - a ring of willpower
 V - a +4 ring of protection
 W - the ring "Dasu" {Wiz Contam rPois rC+++ Int+4}
   (You found it in the Dungeon)

   [ring of wizardry]

   It improves your spell success rate.
   Int:       It affects your intelligence (+4).
   rC:        It renders you almost immune to cold.
   rPois:     It protects you from poison.
   Contam:    It causes magical contamination when unequipped.
 X - the ring "Fuimoirph" {Fly rPois Str+3}
   (You found it in the Dungeon)

   [ring of flight]

   Str:       It affects your strength (+3).
   rPois:     It protects you from poison.
   Fly:       It grants you flight.
Wands
 d - a wand of paralysis (8)
 t - a wand of iceblast (18) (quivered)
 J - a wand of mindburst (24)
Scrolls
 i - 3 scrolls of enchant armour
 j - 3 scrolls of blinking
 l - 7 scrolls of amnesia
 r - 6 scrolls of identify
 x - 4 scrolls of fear
 A - 3 scrolls of fog
 B - 12 scrolls of enchant weapon
 E - 4 scrolls of immolation
Potions
 e - 12 potions of curing
 f - 9 potions of heal wounds
 g - 6 potions of haste
 h - 9 potions of magic
 k - 4 potions of mutation
 p - 2 potions of berserk rage
 v - 2 potions of might
 F - 2 potions of resistance
 M - 3 potions of brilliance
Miscellaneous
 m - a tin of tremorstones (2/2)
 n - a condenser vane
 D - a lightning rod (4/4)
 Q - a phantom mirror
 R - a box of beasts


   Skills:
 O Level 27 Fighting
 + Level 8.6(18.4) Short Blades
 O Level 27 Long Blades
 O Level 27 Axes
 + Level 8.4(20.2) Maces & Flails
 + Level 8.4(20.2) Polearms
 + Level 8.4(11.3) Staves
 + Level 7.6(20.7) Slings
 + Level 7.6 Bows
 + Level 8.6 Crossbows
 O Level 27 Throwing
 O Level 27 Armour
 O Level 27 Dodging
 O Level 27 Stealth
 O Level 27 Shields
 + Level 8.6 Unarmed Combat
 + Level 5.4 Spellcasting
 + Level 6.0 Conjurations
 + Level 5.4 Hexes
 + Level 6.0 Summonings
 + Level 5.9 Necromancy
 + Level 6.0 Translocations
 + Level 6.5 Transmutations
 + Level 5.9 Fire Magic
 + Level 6.0 Ice Magic
 + Level 6.0 Air Magic
 + Level 6.5 Earth Magic
 + Level 6.0 Poison Magic
 + Level 7.9 Invocations
 O Level 27 Evocations


You had 29 spell levels left.
You didn't know any spells.
Your spell library contained the following spells:

 Spells                   Type           Power      Damage    Failure   Level
 Beastly Appendage        Tmut           12%        N/A       8%          1
 Sandblast                Erth           12%        2d6       9%          1
 Sting                    Tmut/Pois      24%        1d4       9%          1
 Animate Skeleton         Necr           10%        N/A       10%         1
 Apportation              Tloc           10%        N/A       10%         1
 Foxfire                  Conj/Fire      20%        2x1d5     10%         1
 Freeze                   Ice            20%        1d4       10%         1
 Magic Dart               Conj           20%        1d4       10%         1
 Shock                    Conj/Air       20%        1d4       10%         1
 Summon Small Mammal      Summ           20%        N/A       10%         1
 Passwall                 Tmut/Erth      5%         N/A       12%         2
 Wereblood                Tmut           6%         N/A       12%         2
 Call Imp                 Summ           5%         N/A       16%         2
 Corpse Rot               Necr/Air       10%        N/A       16%         2
 Poisonous Vapours        Pois/Air       10%        N/A       16%         2
 Ensorcelled Hibernation  Hex/Ice        10%        N/A       17%         2
 Spider Form              Tmut/Pois      6%         N/A       26%         3
 Stone Arrow              Conj/Erth      12%        3d7       26%         3
 Ignite Poison            Fire/Tmut/Pois 6%         N/A       28%         3
 Call Canine Familiar     Summ           5%         N/A       30%         3
 Conjure Flame            Conj/Fire      5%         6-21      30%         3
 Frozen Ramparts          Ice            10%        1d3       30%         3
 Gell's Gravitas          Tloc           5%         N/A       30%         3
 Mephitic Cloud           Conj/Pois/Air  5%         N/A       30%         3
 Ozocubu's Armour         Ice            5%         N/A       30%         3
 Swiftness                Air            5%         N/A       30%         3
 Inner Flame              Hex/Fire       5%         N/A       34%         3
 Portal Projectile        Hex/Tloc       10%        N/A       34%         3
 Petrify                  Tmut/Erth      6%         N/A       61%         4
 Ice Form                 Ice/Tmut       6%         N/A       65%         4
 Airstrike                Air            2%         N/A       69%         4
 Animate Dead             Necr           2%         N/A       69%         4
 Flame Wave               Conj/Fire      5%         2d4       69%         4
 Leda's Liquefaction      Hex/Erth       2%         N/A       69%         4
 Olgreb's Toxic Radiance  Pois           5%         N/A       69%         4
 Summon Ice Beast         Ice/Summ       5%         N/A       69%         4
 Summon Lightning Spire   Summ/Air       5%         N/A       69%         4
 Blade Hands              Tmut           3%         N/A       91%         5
 Alistair's Intoxication  Tmut/Pois      4%         N/A       94%         5
 Borgnjor's Vile Clutch   Necr/Erth      3%         N/A       94%         5
 Irradiate                Conj/Tmut      3%         3d14      94%         5
 Excruciating Wounds      Necr           2%         N/A       95%         5
 Fireball                 Conj/Fire      2%         3d4       95%         5
 Freezing Cloud           Conj/Ice/Air   2%         6-21      95%         5
 Iskenderun's Battlesphe  Conj           5%         2d6       95%         5
 Metabolic Englaciation   Hex/Ice        2%         N/A       97%         5
 Iron Shot                Conj/Erth      3%         9d2       100%        6
 Simulacrum               Ice/Necr       2%         N/A       100%        6
 Starburst                Conj/Fire      2%         6d3       100%        6
 Statue Form              Tmut/Erth      4%         N/A       100%        6
 Haunt                    Necr/Summ      2%         N/A       100%        7
 Monstrous Menagerie      Summ           2%         N/A       100%        7
 Ozocubu's Refrigeration  Ice            2%         4d5       100%        7
 Spellforged Servitor     Conj/Summ      2%         N/A       100%        7
 Storm Form               Tmut/Air       3%         N/A       100%        7
 Disjunction              Tloc           2%         N/A       100%        8
 Ignition                 Fire           2%         3d3       100%        8
 Infestation              Necr           2%         N/A       100%        8
 Lehudib's Crystal Spear  Conj/Erth      3%         10d2      100%        8
 Maxwell's Capacitive Co  Air            2%         ∞         100%        8
 Chain Lightning          Conj/Air       2%         3d3       100%        9
 Polar Vortex             Ice            2%         N/A       100%        9


Dungeon Overview and Level Annotations

Branches:
Dungeon (1/1)

Altars:
Ashenzari
Cheibriados
Dithmenos
Elyvilon
Fedhas
Gozag
Hepliaklqana
Kikubaaqudgha
Makhleb
Nemelex Xobeh
Okawaru
Qazlal
Ru
Sif Muna
Trog
Uskayaw
Vehumet
Wu Jian
Xom
Yredelemnul
Zin
The Shining One
Beogh
Jiyva
Lugonu

Shops:
D *([(?[(*[


Innate Abilities, Weirdness & Mutations

You have a pair of horns on your head.
You reflexively headbutt those who attack you in melee.
You have sharp toenails.
Your mind is acute. (Int +2)
You are frail. (-10% HP)
Your magical capacity is low. (-10% MP)


Message History

You slash the Tzitzimitl!
The Tzitzimitl's magic leaks into the air.
Your headbutt misses the Tzitzimitl.
The Tzitzimitl is severely wounded.
You hit the Orb Guardian but do no damage.
You block the Orb Guardian's attack.
Unknown command.
You hit the Tzitzimitl but do no damage.
The Tzitzimitl is severely wounded.
You slice the Orb Guardian!!
You kill the Orb Guardian!
The Tzitzimitl falters for a moment.
Your life force feels restored.
Unknown command.
You hit the Tzitzimitl but do no damage.
The Tzitzimitl is severely wounded.
You hit the Tzitzimitl.
The Tzitzimitl's magic leaks into the air.
Your headbutt misses the Tzitzimitl.
The Tzitzimitl is almost dead.
You block the Tzitzimitl's attack. The Tzitzimitl completely misses you.
You slash the Tzitzimitl!
The Tzitzimitl's magic leaks into the air.
The Tzitzimitl is almost dead.
You miss the Tzitzimitl. You headbutt the Tzitzimitl!
You kill the Tzitzimitl!
Your Conjurations skill increases to level 6!
Your Summonings skill increases to level 6!
Your Translocations skill increases to level 6!
Your Ice Magic skill increases to level 6!
Your Air Magic skill increases to level 6!
Your Poison Magic skill increases to level 6!
Unknown command.
You now have 44339 gold pieces (gained 153).
You now have 44501 gold pieces (gained 162).
There is a huge open gate here.
There is a huge open gate leading to the Armoury (Hard) here.
There is an open door to the Entrance Hall (Safe) here.
There is a staircase leading out of the dungeon here.
You have escaped!

##########.##................''..
#...........'................''..
#'#####'#####......#..#......##..
#.#.....#.[##................##..
#.#.....#))#####'#####''#########
#.###'###[)##.......##''#########
#.#.....#))##.......##..#........
#.#.....#..##.......##..##.....[.
#.####'##'###...@...##..####...#)
#.#.....)..##.......##..#..#####[
#)#.....)..##.......##..#....##..
#'###########.......##..'.....#..
#.......#..###########..'.....'..
#..#.#..#.############..'.....#..
#.##.##.#)#....#...[##..#....##..
#.......#)#....#...[##..#..#####.
#.##.##.#.))...'..))##..####...#'


There were no monsters in sight!

Vanquished Creatures
  Antaeus (D)
  the Royal Jelly (D)
  Dissolution (D)
  Gloorx Vloq (D)
  Khufu (D)
  6 ancient liches (D)
  2 orbs of fire (D)
  Mara (D)
  Mennas (D)
  Boris (D)
  4 royal mummies (D)
  3 Killer Klowns (D)
  the Lernaean hydra (D)
  Frederick (D)
  A curse toe (D)
  Xtahua (D)
  Jory (D)
  A bone dragon (D)
  A golden dragon (D)
  Nikola (D)
  2 profane servitors (D)
  5 pearl dragons (D)
  A Brimstone Fiend (D)
  2 Tzitzimimeh (D)
  A hellephant (D)
  2 tentacled monstrosities (D)
  2 Ice Fiends (D)
  4 Hell Sentinels (D)
  27 Orb Guardians (D)
  3 electric golems (D)
  3 pandemonium lords (D)
  19 titans (D)
  2 liches (D)
  3 quicksilver dragons (D)
  An Executioner (D)
  2 deep elf master archers (D)
  7 acid blobs (D)
  3 death cobs (D)
  3 sphinxes (D)
  Frances (D)
  Murray (D)
  2 storm dragons (D)
  2 shadow dragons (D)
  10 rockslimes (D)
  A draconian monk (D)
  4 azure jellies (D)
  10 fire giants (D)
  2 daevas (D)
  2 draconian knights (D)
  5 nagarajas (D)
  2 orc warlords (D)
  An iron dragon (D)
  13 frost giants (D)
  3 balrugs (D)
  A draconian stormcaller (D)
  4 deep elf sorcerers (D)
  Louise (D)
  An angel (D)
  2 cacodemons (D)
  4 ghost moths (D)
  3 draconian scorchers (D)
  A draconian shifter (D)
  2 spriggan defenders (D)
  3 reapers (D)
  4 quicksilver oozes (D)
  A draconian annihilator (D)
  2 ophanim (D)
  2 green draconians (D)
  A war gargoyle (D)
  An apis (D)
  14 stone giants (D)
  2 yellow draconians (D)
  5 deep elf demonologists (D)
  6 black draconians (D)
  A deep elf annihilator (D)
  2 white draconians (D)
  A minotaur (D)
  3 purple draconians (D)
  An eidolon (D)
  3 deep elf death magi (D)
  6 dire elephants (D)
  3 blizzard demons (D)
  2 red draconians (D)
  3 mummy priests (D)
  14 ettins (D)
  2 deep elf high priests (D)
  3 green deaths (D)
  8 fire dragons (D)
  A great orb of eyes (D)
  Erolcha (D)
  2 yaktaur captains (D)
  A rakshasa (D)
  4 vault guards (D)
  11 hydras (D)
  3 ice dragons (D)
  A hell beast (D)
  2 naga warriors (D)
  2 ogre magi (D)
  6 catoblepae (D)
  An anaconda (D)
  A two-headed ogre (D)
  2 alligators (D)
  Erica (D)
  A merfolk aquamancer (D)
  An alligator snapping turtle (D)
  2 iron elementals (D)
  3 death knights (D)
  7 death yaks (D)
  4 vampire magi (D)
  A spriggan berserker (D)
  3 hell hogs (D)
  Sonja (D)
  A sun demon (D)
  A hell knight (D)
  A soul eater (D)
  3 deep elf knights (D)
  Nergalle (D)
  2 fire crabs (D)
  An iron troll (D)
  2 flayed ghosts (D)
  A cherub (D)
  11 swamp dragons (D)
  A sea snake (D)
  A spriggan druid (D)
  A shadow demon (D)
  A wizard (D)
  5 lindwurms (D)
  A necromancer (D)
  11 orc knights (D)
  18 cyclopes (D)
  An elephant (D)
  An eye of devastation (D)
  A hellion (D)
  An efreet (D)
  5 rime drakes (D)
  A komodo dragon (shapeshifter) (D)
  A kobold demonologist (D)
  A hellwing (D)
  A guardian mummy (D)
  8 komodo dragons (D)
  6 tormentors (D)
  3 ice devils (D)
  A troll (D)
  A red devil (D)
  2 tyrant leeches (D)
  2 polar bears (D)
  4 merfolk (D)
  2 hornets (D)
  8 slime creatures (D)
  3 wind drakes (D)
  A jumping spider (D)
  4 wandering mushrooms (D)
  A flying skull (D)
  A ynoxinul (D)
  2 spriggans (D)
  A wraith (D)
  2 wyverns (D)
  2 water elementals (D)
  A fire bat (D)
  5 yaks (D)
  5 steam dragons (D)
  A chaos spawn (D)
  5 redbacks (D)
  A large abomination (D)
  4 acid dragons (D)
  3 floating eyes (D)
  An orc warrior (D)
  A swamp drake (D)
  An ogre (D)
  A wolf (D)
  A scorpion (D)
  7 killer bees (D)
  4 wights (D)
  A crimson imp (D)
  2 orc priests (D)
  A hound (D)
  A gnoll shaman (D)
  An iron imp (D)
  A jelly (D)
  5 orc wizards (D)
  A hell rat (D)
  3 mummies (D)
  6 gnolls (D)
  A white imp (D)
  An adder zombie (D)
  2 adder simulacra (D)
  9 orcs (D)
  A bat simulacrum (D)
  2 bat skeletons (D)
  A bat zombie (D)
  An endoplasm (D)
  2 goblins (D)
  8 jackals (D)
  A bat (D)
  2 frilled lizards (D)
  A quokka simulacrum (D)
  3 rats (D)
  A ball lightning (D)
585 creatures vanquished.

Vanquished Creatures (collateral kills)
  An acid blob (D)
1 creature vanquished.

Vanquished Creatures (others)
  A frost giant (D)
  2 dancing weapons (D)
  A wraith (D)
  2 ball lightnings (D)
6 creatures vanquished.

Grand Total: 592 creatures vanquished

Notes
Turn   | Place    | Note
-------+----------+-------------------------------------------
     0 | D        | mhtbhm the Minotaur Fighter began the quest for the Orb.
     0 | D        | Reached XP level 1. HP: 19/19 MP: 0/0
     9 | D        | Noticed a floating eye
    12 | D        | Killed a floating eye
    13 | D        | Reached XP level 2. HP: 31/31 MP: 1/1
    13 | D        | Reached XP level 3. HP: 38/38 MP: 2/2
    13 | D        | Reached XP level 4. HP: 45/45 MP: 3/3
    17 | D        | Found a bloodstained altar of Trog.
    17 | D        | Found a shimmering blue altar of Sif Muna.
    17 | D        | Found a viscous altar of Jiyva.
    17 | D        | Found a hazy altar of Hepliaklqana.
    17 | D        | Found an opulent altar of Gozag.
    18 | D        | Found a glowing golden altar of the Shining One.
    18 | D        | Found a glowing silver altar of Zin.
    18 | D        | Found a basalt altar of Yredelemnul.
    18 | D        | Found a shimmering altar of Xom.
    18 | D        | Found an ornate altar of the Wu Jian Council.
    18 | D        | Found a sacrificial altar of Ru.
    18 | D        | Found a stormy altar of Qazlal.
    18 | D        | Found an iron altar of Okawaru.
    18 | D        | Found a sparkling altar of Nemelex Xobeh.
    18 | D        | Found a burning altar of Makhleb.
    18 | D        | Found a blossoming altar of Fedhas.
    18 | D        | Found a white marble altar of Elyvilon.
    18 | D        | Found a shadowy altar of Dithmenos.
    18 | D        | Found a snail-covered altar of Cheibriados.
    20 | D        | Found a radiant altar of Vehumet.
    20 | D        | Found a corrupted altar of Lugonu.
    21 | D        | Found a hide-covered altar of Uskayaw.
    21 | D        | Found an ancient bone altar of Kikubaaqudgha.
    21 | D        | Found a broken altar of Ashenzari.
    25 | D        | Became a worshipper of Gozag Ym Sagoz the Greedy
    64 | D        | Noticed a floating eye
    68 | D        | Killed a floating eye
    69 | D        | Reached XP level 5. HP: 56/56 MP: 4/4
   434 | D        | Noticed a flying skull
   450 | D        | Killed a flying skull
   451 | D        | Reached skill level 10 in Armour
   451 | D        | Reached skill level 1 in Stealth
   451 | D        | Reached XP level 6. HP: 35/66 MP: 5/5
   465 | D        | Reached skill level 10 in Fighting
   465 | D        | Reached XP level 7. HP: 38/72 MP: 6/6
   471 | D        | Reached skill level 1 in Dodging
   471 | D        | Reached skill level 10 in Shields
   644 | D        | Noticed a fire bat
   649 | D        | Killed a fire bat
   697 | D        | Reached XP level 8. HP: 32/81 MP: 7/7
  1025 | D        | Noticed a hellwing
  1034 | D        | Reached skill level 10 in Axes
  1050 | D        | Killed a hellwing
  1189 | D        | Noticed a red devil
  1189 | D        | Noticed an ice devil
  1189 | D        | Noticed a flayed ghost
  1201 | D        | Noticed a hornet
  1205 | D        | Killed a red devil
  1206 | D        | Reached XP level 9. HP: 58/90 MP: 8/8
  1207 | D        | Killed an ice devil
  1211 | D        | Killed a flayed ghost
  1215 | D        | Paralysed by a hornet for 3 turns
  1425 | D        | Noticed a nagaraja
  1425 | D        | Noticed an ice devil
  1435 | D        | Killed an ice devil
  1440 | D        | Killed a nagaraja
  1441 | D        | Reached skill level 15 in Axes
  1441 | D        | Reached skill level 15 in Armour
  1441 | D        | Reached XP level 10. HP: 59/101 MP: 9/9
  1700 | D        | Noticed Erica
  1701 | D        | Noticed a death yak
  1705 | D        | Killed Erica
  1726 | D        | Killed a death yak
  2006 | D        | Noticed a cyclops
  2006 | D        | Noticed a sea snake
  2025 | D        | Killed a sea snake
  2031 | D        | Killed a cyclops
  2035 | D        | Reached skill level 15 in Fighting
  2291 | D        | Noticed an elephant
  2291 | D        | Noticed a flayed ghost
  2291 | D        | Noticed Sonja
  2291 | D        | Noticed a swamp dragon
  2291 | D        | Noticed a two-headed ogre
  2297 | D        | Noticed a death knight
  2301 | D        | Killed Sonja
  2302 | D        | Reached XP level 11. HP: 113/113 MP: 10/10
  2309 | D        | Killed a flayed ghost
  2312 | D        | Killed a death knight
  2319 | D        | Killed a two-headed ogre
  2325 | D        | Reached skill level 5 in Stealth
  2326 | D        | Killed a swamp dragon
  2629 | D        | Noticed a necromancer
  2639 | D        | Killed a necromancer
  2669 | D        | Noticed an eight-headed hydra
  2670 | D        | Noticed a catoblepas
  2702 | D        | Killed a catoblepas
  2713 | D        | Killed a 20-headed hydra
  3073 | D        | Noticed a vampire mage
  3088 | D        | Killed a vampire mage
  3089 | D        | Reached skill level 1 in Evocations
  3288 | D        | Noticed a minotaur
  3301 | D        | Killed a minotaur
  3371 | D        | Noticed a blizzard demon
  3371 | D        | Noticed a white draconian
  3371 | D        | Noticed an ophan
  3371 | D        | Noticed a deep elf annihilator
  3371 | D        | Noticed Nergalle
  3371 | D        | Noticed a hell knight
  3378 | D        | Noticed a spectral orc warlord
  3384 | D        | Killed a blizzard demon
  3385 | D        | Reached XP level 12. HP: 112/127 MP: 11/11
  3386 | D        | Killed a white draconian
  3387 | D        | Killed a deep elf annihilator
  3391 | D        | Killed an ophan
  3396 | D        | Reached skill level 15 in Shields
  3397 | D        | Killed Nergalle
  3416 | D        | Got the +7 war axe "Ifiybazigo" {antimagic, rElec rF+ Str+2
                  | Dex+2}
  3420 | D        | Got the ring "Fiklu" {Will+ MP+9 Str+3}
  3841 | D        | Noticed a vampire mage
  3841 | D        | Noticed a fire dragon
  3846 | D        | Noticed a death yak
  3859 | D        | Killed a death yak
  3860 | D        | Noticed an alligator snapping turtle
  3860 | D        | Noticed a death yak
  3860 | D        | Noticed a death yak
  3860 | D        | Noticed a spriggan defender
  3866 | D        | Noticed a hell hog
  3871 | D        | Noticed a hell hog
  3872 | D        | Killed a death yak
  3881 | D        | Noticed a death yak
  3885 | D        | Killed a spriggan defender
  3886 | D        | Reached skill level 5 in Dodging
  3954 | D        | Noticed a great orb of eyes
  3954 | D        | Noticed a hell hog
  3955 | D        | Noticed a vampire mage
  3963 | D        | Killed a vampire mage
  3963 | D        | Identified the +6 hand axe of the Shining Light {freeze,
                  | *Slow rN+++ Will+ Str+3}
  3968 | D        | Killed a great orb of eyes
  3986 | D        | Killed a fire dragon
  3988 | D        | Killed a hell hog
  3992 | D        | Killed a hell hog
  3996 | D        | Killed an alligator snapping turtle
  4000 | D        | Reached XP level 13. HP: 52/140 MP: 7/12
  4002 | D        | Reached skill level 5 in Evocations
  4009 | D        | Noticed Erolcha
  4017 | D        | Killed Erolcha
  4018 | D        | Reached skill level 10 in Stealth
  4207 | D        | Bought a smoking hand axe for 280 gold pieces
  4207 | D        | Identified the +7 hand axe "Tudak" {vorpal, rC+ Will+} (You
                  | bought it in a shop in the Dungeon)
  4434 | D        | Noticed an orc warlord
  4434 | D        | Noticed an orc warlord
  4450 | D        | Killed an orc warlord
  4454 | D        | Killed an orc warlord
  4503 | D        | Reached skill level 1 in Throwing
  4706 | D        | Noticed a mummy priest
  4712 | D        | Noticed a jiangshi
  4716 | D        | Killed a mummy priest
  4717 | D        | Reached skill level 15 in Stealth
  5287 | D        | Noticed a pearl dragon
  5301 | D        | Killed a pearl dragon
  5302 | D        | Reached XP level 14. HP: 35/154 MP: 7/13
  5905 | D        | Bought a crude cloak for 228 gold pieces
  5905 | D        | Identified the +3 cloak of Coycluadu {rPois Regen+ Str+3}
                  | (You bought it in a shop in the Dungeon)
  5905 | D        | Bought a runed kite shield for 180 gold pieces
  5905 | D        | Bought a bronze plate armour for 672 gold pieces
  5905 | D        | Identified the +1 plate armour of the Big Bang {Slay+2}
                  | (You bought it in a shop in the Dungeon)
  5944 | D        | Noticed an ancient lich
  5971 | D        | Killed an ancient lich
  6218 | D        | Noticed a tentacled monstrosity
  6224 | D        | Killed a tentacled monstrosity
  6232 | D        | Noticed a deep elf master archer
  6239 | D        | Killed a deep elf master archer
  6262 | D        | Noticed a death cob
  6262 | D        | Noticed a royal mummy
  6262 | D        | Noticed an Ice Fiend
  6262 | D        | Noticed a profane servitor
  6262 | D        | Noticed a spriggan defender
  6267 | D        | Killed a spriggan defender
  6274 | D        | Killed a profane servitor
  6280 | D        | Noticed an emperor scorpion
  6284 | D        | Noticed an emperor scorpion
  6284 | D        | Noticed an emperor scorpion
  6284 | D        | Noticed an emperor scorpion
  6284 | D        | Noticed an emperor scorpion
  6285 | D        | Killed an Ice Fiend
  6299 | D        | Killed a royal mummy
  6303 | D        | Killed a death cob
  6406 | D        | Noticed Wopran the pandemonium lord
  6420 | D        | Killed Wopran the pandemonium lord
  6564 | D        | Noticed a cacodemon
  6568 | D        | Killed a cacodemon
  6571 | D        | Noticed a sphinx
  6574 | D        | Killed a sphinx
  6622 | D        | Noticed a black draconian knight
  6634 | D        | Killed a black draconian knight
  6641 | D        | Noticed a nagaraja
  6643 | D        | Noticed a red draconian scorcher
  6644 | D        | Noticed Frederick
  6647 | D        | Noticed a nagaraja
  6659 | D        | Killed Frederick
  6660 | D        | Noticed a white draconian stormcaller
  6660 | D        | Killed a red draconian scorcher
  6663 | D        | Killed a nagaraja
  6664 | D        | Reached XP level 15. HP: 129/168 MP: 7/14
  6665 | D        | Killed a nagaraja
  6666 | D        | Noticed a rockslime
  6674 | D        | Killed a rockslime
  6717 | D        | Noticed a deep elf sorcerer
  6724 | D        | Noticed a red draconian scorcher
  6735 | D        | Killed a red draconian scorcher
  6739 | D        | Killed a deep elf sorcerer
  6752 | D        | Reached skill level 5 in Throwing
  6756 | D        | Noticed Frances
  6770 | D        | Killed Frances
  6771 | D        | Reached skill level 10 in Evocations
  6826 | D        | Got the Reference Book on Nocuous Earth
  6828 | D        | Got the Tome of the Old World
  6847 | D        | Got Sif Muna's Disquisition on the Harmful Escort
  6849 | D        | Got Kirung's Compendium of Confrontation and the Frostbite
  6857 | D        | Got the Reference Book on the Mountains
  6963 | D        | Got the amulet "Doopsyr" {Spirit -Tele Regen+ Str+8 Int+2}
  6965 | D        | Got the amulet of Lugonu's Pride {Acrobat rElec rF- rC+
                  | Dex+8}
  6967 | D        | Got the amulet "Xopeipte" {Spirit Harm rCorr Str+3 Dex+3}
  6969 | D        | Got the ring of Qutwupok {rF- rC+ Int+2 Dex+9}
  6971 | D        | Got the amulet "Alaask" {Reflect Str+3 SH+5}
  6973 | D        | Got the amulet "Moajuked" {Reflect *Slow +Blink rC+ Int+10
                  | SH+5}
  6975 | D        | Got the ring of Xom's Recklessness {rElec rN+ Int+4}
  6977 | D        | Got the ring "Icoidat" {rF+ rC+ rN++ Int-5}
  6979 | D        | Got the ring of Tupeh {rC+ Str+4 Slay+5}
  6981 | D        | Got the amulet of Lofig {Regen+ Str+7}
  6983 | D        | Got the ring of Starshine {rC++ Will- Str+4 Slay+5}
  6985 | D        | Got the ring "Taakoes" {rElec rC+ Int+6 Dex+3}
  6987 | D        | Got the amulet "Boruva" {Spirit rN++ Stlth+}
  7002 | D        | Got the ring of the Princeling {Fly rF+ Int+6 Dex-4 SInv}
  7004 | D        | Got the ring of Taeleuw {Fire Str+4}
  7006 | D        | Got the ring "Foifyng" {Wiz rC+ Will+ Str+2}
  7008 | D        | Got the ring "Dasu" {Wiz Contam rPois rC+++ Int+4}
  7010 | D        | Got the ring of Picwevoi {rPois rN++}
  7012 | D        | Got the ring "Waekkam" {Will+ Dex+4}
  7014 | D        | Got the ring "Daenov" {Wiz rF+ Slay+5}
  7035 | D        | Got the ring "Ogecw" {rF+ rN+ rCorr Int-3}
  7037 | D        | Got the ring "Lafauhov" {Wiz MP+9 Dex+2}
  7039 | D        | Got the ring of Pride {rPois rC- rCorr Int-5 SInv}
  7041 | D        | Got the ring of Vael {Fire *Slow Will+ Str+8 Dex+2}
  7043 | D        | Got the ring of Uquifam {rN+ rCorr Int-5 Dex+3 SInv}
  7045 | D        | Got the ring of Getippoi {rC+ AC+6}
  7130 | D        | Noticed a titan
  7137 | D        | Killed a titan
  7154 | D        | Noticed an electric golem
  7159 | D        | Killed an electric golem
  7168 | D        | Noticed a Hell Sentinel
  7177 | D        | Killed a Hell Sentinel
  7230 | D        | Noticed a deep elf master archer
  7233 | D        | Killed a deep elf master archer
  7348 | D        | Got the amulet of Qioroukhluo {RegenMP rN+ Will+ Dex+4}
  7404 | D        | Got the amulet "Wuuxyxzo" {Spirit Harm rCorr Str+3}
  7408 | D        | Got the ring of the Saving King {rN+ Dex+6}
  7430 | D        | Noticed a royal mummy
  7431 | D        | Noticed an emperor scorpion
  7441 | D        | Killed a royal mummy
  7621 | D        | Noticed a titan
  7627 | D        | Killed a titan
  7635 | D        | Noticed a pearl dragon
  7647 | D        | Killed a pearl dragon
  7668 | D        | Noticed Koan the pandemonium lord
  7673 | D        | Noticed an acid blob
  7677 | D        | Noticed an ancient lich
  7680 | D        | Killed an acid blob
  7684 | D        | Killed Koan the pandemonium lord
  7688 | D        | Killed an ancient lich
  7755 | D        | Noticed Boris
  7774 | D        | Killed Boris
  8063 | D        | Noticed a Tzitzimitl
  8066 | D        | Reached skill level 27 in Fighting
  8066 | D        | Noticed a hellephant
  8077 | D        | Killed a hellephant
  8081 | D        | Killed a Tzitzimitl
  8082 | D        | Reached skill level 27 in Axes
  8131 | D        | Noticed Antaeus
  8131 | D        | Noticed a royal mummy
  8159 | D        | Noticed an emperor scorpion
  8159 | D        | Noticed an emperor scorpion
  8174 | D        | Noticed an emperor scorpion
  8174 | D        | Noticed an emperor scorpion
  8180 | D        | Killed Antaeus
  8180 | D        | Killed a royal mummy
  8180 | D        | Lost intelligence.
  8181 | D        | Reached skill level 27 in Shields
  8181 | D        | Reached XP level 16. HP: 59/183 MP: 5/15
  8388 | D        | Noticed Faukegar the pandemonium lord
  8406 | D        | Killed Faukegar the pandemonium lord
  8407 | D        | Reached skill level 27 in Armour
  8477 | D        | Noticed an Ice Fiend
  8486 | D        | Killed an Ice Fiend
  8615 | D        | Noticed an acid blob
  8615 | D        | Noticed the 27-headed Lernaean hydra
  8619 | D        | Killed the 26-headed Lernaean hydra
  8623 | D        | Noticed Murray
  8626 | D        | Killed an acid blob
  8627 | D        | Reached skill level 10 in Throwing
  8640 | D        | Killed Murray
  8690 | D        | Noticed a royal mummy
  8690 | D        | Noticed a quicksilver dragon
  8699 | D        | Killed a quicksilver dragon
  8701 | D        | Killed a royal mummy
  8915 | D        | Got the ring "Rujuuhak" {rElec rPois Int+2}
  8917 | D        | Got the ring "Eroawk" {Wiz rPois Int+4 SInv Stlth-}
  8920 | D        | Got an iron rune of Zot
  8922 | D        | Got the amulet "Ollarelekh" {Reflect *Corrode rPois MP+9
                  | Str+7 SH+5}
  8924 | D        | Got the amulet of Foolhardiness {Reflect Rampage rF+ Will-
                  | Str+4 SH+5}
  8928 | D        | Got the amulet of Ifeem {RegenMP rN+ Slay-2 SInv}
  8931 | D        | Got the amulet "Igay" {RegenMP Str+5}
  8933 | D        | Got the ring of Ascent {Ice rPois}
  8937 | D        | Got the ring "Geamawn" {rPois rC+ Int+3}
  8942 | D        | Got the ring of Mailof {EV+4 Str+5}
  8944 | D        | Got the ring "Heag" {rPois Int+6}
  8948 | D        | Got the ring "Cebalaiv" {rF+ rN+ Int+4}
  8957 | D        | Got the ring of the Sunfish {rPois rF+ Will+}
  8959 | D        | Got the amulet of Beogh's Inspiration {RegenMP Str+4}
  8976 | D        | Got the ring of Xom's Full Attention {Fly Slay+3}
  9022 | D        | Noticed a Brimstone Fiend
  9030 | D        | Killed a Brimstone Fiend
  9043 | D        | Noticed a titan
  9051 | D        | Killed a titan
  9112 | D        | Noticed a pearl dragon
  9123 | D        | Killed a pearl dragon
  9200 | D        | Noticed an Executioner
  9208 | D        | Killed an Executioner
  9246 | D        | Bought a potion of berserk rage for 170 gold pieces
  9246 | D        | Bought a silvery potion for 30 gold pieces
  9354 | D        | Bought a scroll of enchant armour for 135 gold pieces
  9354 | D        | Bought a scroll of enchant weapon for 135 gold pieces
  9354 | D        | Bought a scroll of immolation for 63 gold pieces
  9354 | D        | Bought a scroll of identify for 36 gold pieces
  9354 | D        | Bought a scroll of blinking for 135 gold pieces
  9366 | D        | Noticed a lich
  9371 | D        | Killed a lich
  9382 | D        | Noticed a shadow dragon
  9402 | D        | Killed a shadow dragon
  9786 | D        | Noticed a Killer Klown
  9804 | D        | Reached XP level 17. HP: 154/191 MP: 5/16
  9814 | D        | Killed a Killer Klown
  9844 | D        | Noticed Gloorx Vloq
  9862 | D        | Killed Gloorx Vloq
  9863 | D        | Reached skill level 15 in Evocations
  9923 | D        | Noticed a Killer Klown
  9925 | D        | Paralysed by a floating eye for 3 turns
  9946 | D        | Killed a Killer Klown
 10113 | D        | Noticed Jory
 10113 | D        | Noticed Xtahua
 10117 | D        | Paralysed by Xtahua for 2 turns
 10122 | D        | Killed Xtahua
 10134 | D        | Killed Jory
 10203 | D        | Reached skill level 15 in Throwing
 10205 | D        | Noticed an electric golem
 10211 | D        | Reached skill level 27 in Stealth
 10218 | D        | Killed an electric golem
 10520 | D        | Got the ring "Tent" {rPois Str+6 Int-5 Stlth+}
 10522 | D        | Got the ring "Mushrose" {rPois rCorr Dex-2 Slay+3}
 10524 | D        | Got the ring of Miracles {rPois Str+7 Int+6}
 10526 | D        | Got the ring "Ref Xaud" {Ice rElec Will+ Dex+4}
 10528 | D        | Got the ring of Xom's Ringing Laughter {rF+ rN+}
 10530 | D        | Got the amulet of Mioq {Faith Str+6 Int+4 Dex-4 Slay+5}
 10532 | D        | Got the amulet of Onoqossuxy {Harm +Inv rPois Regen+
                  | Stlth-}
 10534 | D        | Got the amulet "Yneam" {RegenMP rElec rN+ Will+}
 10696 | D        | Reached skill level 10 in Dodging
 10709 | D        | Identified the ring "Hunoodgh" {Contam rF+++ MP+9 Dex-4
                  | SInv}
 10733 | D        | Noticed a profane servitor
 10768 | D        | Killed a profane servitor
 10784 | D        | Noticed an acid blob
 10791 | D        | Killed an acid blob
 10991 | D        | Got the ring "Hegugeat" {Wiz rPois Str+4}
 10995 | D        | Noticed an electric golem
 11010 | D        | Reached skill level 15 in Dodging
 11012 | D        | Reached XP level 18. HP: 190/200 MP: 5/17
 11015 | D        | Killed an electric golem
 11253 | D        | Noticed a golden dragon
 11277 | D        | Killed a golden dragon
 11423 | D        | Found the +3 giant club "Skullcrusher" {speed, Str+7}
 11502 | D        | Got a silver rune of Zot
 11767 | D        | Noticed a bone dragon
 11773 | D        | Noticed a tentacled monstrosity
 11792 | D        | Killed a bone dragon
 11794 | D        | Killed a tentacled monstrosity
 11875 | D        | Noticed an Orb Guardian
 11875 | D        | Noticed an Orb Guardian
 11875 | D        | Noticed an Orb Guardian
 11875 | D        | Noticed an Orb Guardian
 11883 | D        | Killed an Orb Guardian
 11884 | D        | Killed an Orb Guardian
 11886 | D        | Killed an Orb Guardian
 11888 | D        | Killed an Orb Guardian
 11920 | D        | Noticed Louise
 11921 | D        | Noticed a pearl dragon
 11921 | D        | Noticed an Orb Guardian
 11921 | D        | Noticed a pearl dragon
 11922 | D        | Noticed an Orb Guardian
 11922 | D        | Noticed an orb of fire
 11923 | D        | Noticed a Killer Klown
 11925 | D        | Noticed Dissolution
 11927 | D        | Noticed Mennas
 11930 | D        | Killed a pearl dragon
 11933 | D        | Killed a pearl dragon
 11934 | D        | Noticed an Orb Guardian
 11935 | D        | Killed an orb of fire
 11935 | D        | Killed an Orb Guardian
 11938 | D        | Killed an Orb Guardian
 11942 | D        | Killed a Killer Klown
 11946 | D        | Killed an Orb Guardian
 11948 | D        | Killed Louise
 11949 | D        | Reached XP level 19. HP: 192/207 MP: 2/18
 11952 | D        | Gained mutation: You are frail. (-10% HP) [a shining eye]
 11959 | D        | Killed Mennas
 11960 | D        | Reached skill level 27 in Evocations
 11961 | D        | Killed Dissolution
 12074 | D        | Noticed an orb of fire
 12074 | D        | Gained mutation: Your magical capacity is low. (-10% MP)
                  | [an orb of fire]
 12075 | D        | Noticed an ancient lich
 12077 | D        | Lost mutation: Your magical capacity is low. (-10% MP)
                  | [potion of mutation]
 12077 | D        | Lost mutation: You are frail. (-10% HP) [potion of
                  | mutation]
 12077 | D        | Gained mutation: You have hidden genetic defects. [potion
                  | of mutation]
 12077 | D        | Gained mutation: Your mind is acute. (Int +2) [potion of
                  | mutation]
 12078 | D        | Gained mutation: You have sharp toenails. [an orb of fire]
 12080 | D        | Noticed a curse toe
 12082 | D        | Killed an orb of fire
 12084 | D        | Noticed Khufu
 12095 | D        | Killed Khufu
 12096 | D        | Reached skill level 15 in Long Blades
 12100 | D        | Killed a curse toe
 12109 | D        | Killed an ancient lich
 12160 | D        | Gained mutation: Your magical capacity is low. (-10% MP)
                  | [hidden defects]
 12254 | D        | Noticed Nikola
 12255 | D        | Noticed an ancient lich
 12265 | D        | Noticed Mara
 12266 | D        | Killed an ancient lich
 12267 | D        | Noticed the Royal Jelly
 12269 | D        | Noticed an ancient lich
 12273 | D        | Noticed mhtbhm's illusion
 12274 | D        | Noticed an ancient lich
 12278 | D        | Reached skill level 27 in Long Blades
 12286 | D        | Reached skill level 27 in Dodging
 12286 | D        | Gained mutation: You are frail. (-10% HP) [hidden defects]
 12286 | D        | Lost mutation: You have hidden genetic defects. [hidden
                  | defects expressed]
 12288 | D        | Killed Nikola
 12290 | D        | Killed the Royal Jelly
 12291 | D        | Reached skill level 27 in Throwing
 12304 | D        | Reached skill level 1 in Short Blades
 12304 | D        | Reached skill level 1 in Maces & Flails
 12304 | D        | Reached skill level 1 in Polearms
 12304 | D        | Reached skill level 1 in Staves
 12304 | D        | Reached skill level 1 in Slings
 12304 | D        | Reached skill level 1 in Bows
 12304 | D        | Reached skill level 1 in Crossbows
 12304 | D        | Reached skill level 1 in Unarmed Combat
 12304 | D        | Reached skill level 1 in Earth Magic
 12304 | D        | Reached skill level 1 in Invocations
 12330 | D        | Killed an ancient lich
 12331 | D        | Reached skill level 1 in Spellcasting
 12331 | D        | Reached skill level 1 in Conjurations
 12331 | D        | Reached skill level 1 in Hexes
 12331 | D        | Reached skill level 1 in Summonings
 12331 | D        | Reached skill level 1 in Necromancy
 12331 | D        | Reached skill level 1 in Translocations
 12331 | D        | Reached skill level 1 in Transmutations
 12331 | D        | Reached skill level 1 in Fire Magic
 12331 | D        | Reached skill level 1 in Ice Magic
 12331 | D        | Reached skill level 1 in Air Magic
 12331 | D        | Reached skill level 1 in Poison Magic
 12331 | D        | Reached XP level 20. HP: 160/194 MP: 1/18
 12336 | D        | Killed an ancient lich
 12348 | D        | Killed Mara
 12566 | D        | Bought a tin of tremorstones (2/2) for 480 gold pieces
 12566 | D        | Bought a potion of haste for 120 gold pieces
 12566 | D        | Bought a scroll of blinking for 90 gold pieces
 12767 | D        | Reached skill level 5 in Crossbows
 12767 | D        | Reached skill level 5 in Unarmed Combat
 12768 | D        | Reached skill level 5 in Short Blades
 12768 | D        | Reached skill level 5 in Maces & Flails
 12768 | D        | Reached skill level 5 in Polearms
 12768 | D        | Reached skill level 5 in Staves
 12768 | D        | Reached skill level 5 in Slings
 12768 | D        | Reached skill level 5 in Bows
 12768 | D        | Reached skill level 5 in Invocations
 12770 | D        | Identified the amulet "Owisihij" {rC+ Regen+ Int+3}
 12778 | D        | Reached skill level 5 in Transmutations
 12778 | D        | Reached skill level 5 in Earth Magic
 12783 | D        | Reached skill level 5 in Conjurations
 12783 | D        | Reached skill level 5 in Summonings
 12783 | D        | Reached skill level 5 in Necromancy
 12783 | D        | Reached skill level 5 in Translocations
 12783 | D        | Reached skill level 5 in Fire Magic
 12783 | D        | Reached skill level 5 in Ice Magic
 12783 | D        | Reached skill level 5 in Air Magic
 12783 | D        | Reached skill level 5 in Poison Magic
 12791 | D        | Reached skill level 5 in Spellcasting
 12791 | D        | Reached skill level 5 in Hexes
 12816 | D        | Got the ring "Haluj" {Int+6 Slay+3}
 12908 | D        | Got Horghe Zeshie's Papyrus of the Supportive Voyage
 12917 | D        | Got Sif Muna's Papyrus of the Icy Compass
 12937 | D        | Got a golden rune of Zot
 12985 | D        | Got the ring "Fuimoirph" {Fly rPois Str+3}
 13597 | D        | Got the Orb of Zot
 13758 | D        | Escaped with the Orb!

Illustrated notes

Levels and vault maps discovered:
D:        pitsprint [storerooms_1, entrance_room_1, metal_vault_1, armoury_2,
          mini_pit_1, grid_room_1, main_hall_1, silver_pit, the_coven_3,
          the_vestibule_1, steel_vault_3, golden_pit, hallway_of_sentries,
          crystal_vault_4, iron_vault_1, final_vault]

Skill      XL: |  1  2  3  4  5  6  7  8  9 10 11 12 13 14 15 16 17 18 19 20 |
---------------+-------------------------------------------------------------+-----
Fighting       | 6 8 9 10 11 13 15 17 20 22 24 27 | 27.0
Axes           | 3 4 6 7 9 12 15 17 19 21 22 24 27 | 27.0
Armour         | 6 8 10 12 13 15 17 18 20 21 24 26 27 | 27.0
Shields        | 6 8 9 10 11 12 13 14 15 16 22 27 | 27.0
Stealth        | 1 8 15 17 23 27 | 27.0
Dodging        | 1 3 4 5 15 22 27 | 27.0
Evocations     | 2 4 6 8 10 14 19 26 27 | 27.0
Throwing       | 2 4 6 13 18 23 27 | 27.0
Long Blades    | 27 | 27.0
Short Blades   | 2 8 |  8.6
Maces & Flails | 2 8 |  8.4
Polearms       | 2 8 |  8.4
Staves         | 2 8 |  8.4
Slings         | 1 7 |  7.6
Bows           | 1 7 |  7.6
Crossbows      | 2 8 |  8.6
Unarmed Combat | 2 8 |  8.6
Earth Magic    | 1 6 |  6.5
Invocations    | 1 7 |  7.9
Spellcasting   | 1 5 |  5.4
Conjurations   | 1 6 |  6.0
Hexes          | 1 5 |  5.4
Summonings     | 1 6 |  6.0
Necromancy     | 1 5 |  5.9
Translocations | 1 6 |  6.0
Transmutations | 1 6 |  6.5
Fire Magic     | 1 5 |  5.9
Ice Magic      | 1 6 |  6.0
Air Magic      | 1 6 |  6.0
Poison Magic   | 1 6 |  6.0

Action                   |  1- 3 |  4- 6 |  7- 9 | 10-12 | 13-15 | 16-18 | 19-21 || total
-------------------------+-------+-------+-------+-------+-------+-------+-------++-------
Melee: War axe           |     2 |       |    57 |   267 |   362 |   485 |   184 ||  1357
       Headbutt          |     1 |    11 |    20 |    62 |   120 |   142 |    63 ||   419
       Hand axe          |       |    58 |    46 |       |    21 |       |       ||   125
Throw: Boomerang         |       |       |       |       |     3 |       |       ||     3
       Javelin           |       |       |       |       |     4 |       |     2 ||     6
       Dart              |       |       |       |       |     6 |       |       ||     6
Invok: Potion Petition   |       |       |     1 |     6 |     7 |     4 |     4 ||    22
       Call Merchant     |       |       |       |       |     6 |     2 |     1 ||     9
Evoke: Wand              |       |       |       |     7 |       |       |       ||     7
       Lightning rod     |       |       |       |     8 |    28 |       |     3 ||    39
       Condenser vane    |       |       |       |       |     5 |     9 |     7 ||    21
       Phantom mirror    |       |       |       |       |       |     1 |       ||     1
       Tin of tremorston |       |       |       |       |       |       |     4 ||     4
  Use: Potion            |       |     1 |     3 |    10 |    17 |     4 |    13 ||    48
       Scroll            |       |       |       |     1 |     6 |     1 |     2 ||    10
 Stab: Distracted        |       |     1 |       |     2 |    10 |    12 |     2 ||    27
       Invisible         |       |       |       |    20 |    23 |     3 |    28 ||    74
       Petrified         |       |       |       |     6 |       |     2 |       ||     8
Armor: Scale mail        |       |    15 |    13 |       |       |       |       ||    28
       Plate armour      |       |       |    50 |   131 |    21 |       |       ||   202
       Gold dragon scale |       |       |       |       |   127 |   415 |    87 ||   629
       Skin              |       |       |       |       |       |     5 |       ||     5
Dodge: Dodged            |       |    20 |    50 |    92 |    70 |   158 |    46 ||   436
Block: Buckler           |       |     8 |    32 |    73 |    25 |       |       ||   138
       Tower shield      |       |       |       |       |    14 |       |       ||    14
       Kite shield       |       |       |       |       |   145 |   460 |   110 ||   715
       Reflection        |       |       |       |       |     3 |    11 |     1 ||    15

Table legend: (Time is in decaauts) A = Elapsed time spent in this place. B = Non-inter-level travel time spent in this place. C = Inter-level travel time spent in this place. D = Time resting spent in this place. E = Time spent auto-exploring this place. F = Levels seen in this place. G = Mean time per level. A B C D E F G +--------+--------+--------+--------+--------+-----+--------+ Total | 13293 | 13102 | 191 | 6672 | 519 | 1 | 13293.0 | Dungeon | 13293 | 13102 | 191 | 6672 | 519 | 1 | 13293.0 | +--------+--------+--------+--------+--------+-----+--------+

Top non-repeatable levels by time:
       D: 13293 daAuts
